[Event "RUS-chTW Premier 2019"]
[Site "Sochi"]
[Date "2019.05.04"]
[Round "4.12"]
[White "Azimova, Karina"]
[Black "Bulatova, Kamaliya"]
[Result "1-0"]
[ECO "C01"]
[WhiteElo "2072"]
[BlackElo "2103"]
[Annotator "NA"]
[PlyCount "63"]
[EventDate "2019.04.30"]
[EventType "team-tourn"]
[EventCountry "RUS"]
[SourceTitle "playchess.com"]
[Source "ChessBase"]
[SourceQuality "1"]
[TimeControl "40/5400+30:1800+30"]

1. e4 e6 2. d4 d5 3. exd5 exd5 4. Nf3 Bd6 5. Bd3 Bg4 6. O-O Ne7 7. Re1 Qd7 8. Nc3 Nbc6 9. Nb5 O-O-O 10. Nxd6+ Qxd6 11. c3 h6 12. b4 Ng6 13. h3 Bd7 14. b5 Na5 15. Qa4 b6 16. Ba3 Qf4 17. Bxg6 fxg6 18. Ne5 Rhf8 19. Re2 Bxh3 20. Bxf8 Rxf8 21. gxh3 Qg5+ 22. Kf1 Qh4 23. Ke1 Re8 24. Qc2 Qxh3 25. Kd2 Qh5 26. Qd3 Qg5+ 27. Kc2 Kb7 28. Rae1 Rf8 29. Qxg6 Qe7 30. Nc6 Qa3 31. Nxa5+ bxa5 32. Qa6+ 1-0

[Event "RUS-chTW Premier 2019"]
[Site "Sochi"]
[Date "2019.05.04"]
[Round "4.13"]
[White "Goltseva, Ekaterina"]
[Black "Badelka, Olga"]
[Result "0-1"]
[ECO "E55"]
[WhiteElo "2284"]
[BlackElo "2383"]
[Annotator "NA"]
[PlyCount "128"]
[EventDate "2019.04.30"]
[EventType "team-tourn"]
[EventCountry "RUS"]
[SourceTitle "playchess.com"]
[Source "ChessBase"]
[SourceQuality "1"]
[TimeControl "40/5400+30:1800+30"]

1. d4 Nf6 2. c4 e6 3. Nc3 Bb4 4. e3 O-O 5. Bd3 d5 6. Nf3 c5 7. O-O dxc4 8. Bxc4 Nbd7 9. Ne2 cxd4 10. exd4 Nb6 11. Bd3 Nbd5 12. Ne5 Bd6 13. Ng3 b6 14. a3 Bb7 15. Qe2 Rc8 16. Bg5 Qc7 17. Rac1 Qb8 18. Nh5 Rxc1 19. Rxc1 Qd8 20. Be4 Be7 21. Bxf6 Bxf6 22. Qg4 Bg5 23. Bxd5 Bxd5 24. f4 Bh6 25. Rc3 f6 26. Nd3 Qd6 27. h3 Be4 28. Nf2 Bf5 29. Qd1 Bxf4 30. Nxf4 Qxf4 31. Qa4 Qb8 32. Rc6 Rd8 33. Qb4 Qb7 34. Qc3 Qd7 35. Rc7 Qxd4 36. Qxd4 Rxd4 37. Rxa7 e5 38. Rc7 e4 39. Rc3 Bd7 40. g4 g6 41. h4 f5 42. gxf5 gxf5 43. Nh3 Rd2 44. h5 Kg7 45. Rg3+ Kh6 46. Nf4 Rxb2 47. Rg8 Bb5 48. Rg3 Bc4 49. Rc3 Bf7 50. Rg3 b5 51. Kf1 Rh2 52. Kg1 Rh4 53. Ng2 Rxh5 54. Kf2 Rh1 55. Ke3 Bg6 56. Nf4 Kg7 57. Kd4 Kf6 58. Nd5+ Ke6 59. Nc7+ Kd7 60. Rc3 f4 61. Nd5 f3 62. Ke5 Rh5+ 63. Kd4 Rxd5+ 64. Kxd5 f2 0-1

[Event "RUS-chTW Premier 2019"]
[Site "Sochi"]
[Date "2019.05.04"]
[Round "4.14"]
[White "Dordzhieva, Dinara"]
[Black "Vifleemskaia, Svetlana"]
[Result "1-0"]
[ECO "A40"]
[WhiteElo "2280"]
[BlackElo "1969"]
[Annotator "NA"]
[PlyCount "68"]
[EventDate "2019.04.30"]
[EventType "team-tourn"]
[EventCountry "RUS"]
[SourceTitle "playchess.com"]
[Source "ChessBase"]
[SourceQuality "1"]
[TimeControl "40/5400+30:1800+30"]

1. d4 Nf6 2. c4 e6 3. g3 Bb4+ 4. Bd2 Qe7 5. Bg2 O-O 6. Nf3 a5 7. O-O Bxd2 8. Nbxd2 d6 9. Qc2 e5 10. e3 Nc6 11. a3 a4 12. Rac1 Bd7 13. Nb1 Na5 14. Nfd2 Nc6 15. dxe5 Qxe5 16. Nc3 Qh5 17. Nd5 Ne8 18. f4 Bh3 19. Bf3 Bg4 20. Bh1 Bf5 21. Qc3 Be6 22. Rce1 Bxd5 23. cxd5 Ne7 24. Bf3 Qh6 25. Qb4 b6 26. e4 Nc8 27. e5 Ra5 28. Re2 dxe5 29. fxe5 Qg5 30. Bg2 h5 31. Qd4 Qe7 32. Ne4 Qd7 33. Ng5 Qg4 34. Qd2 Rc5 1-0

[Event "RUS-chTW Premier 2019"]
[Site "Sochi"]
[Date "2019.05.04"]
[Round "4.15"]
[White "Shendrik, Zhanna"]
[Black "Maltsevskaya, Aleksandra"]
[Result "1/2-1/2"]
[ECO "A58"]
[WhiteElo "1954"]
[BlackElo "2299"]
[Annotator "NA"]
[PlyCount "81"]
[EventDate "2019.04.30"]
[EventType "team-tourn"]
[EventCountry "RUS"]
[SourceTitle "playchess.com"]
[Source "ChessBase"]
[SourceQuality "1"]
[TimeControl "40/5400+30:1800+30"]

1. d4 Nf6 2. c4 c5 3. d5 b5 4. cxb5 a6 5. bxa6 g6 6. Nc3 Bg7 7. Nf3 O-O 8. e4 Qa5 9. Bd2 Bxa6 10. Be2 Bxe2 11. Qxe2 Qa6 12. e5 Ne8 13. O-O Nc7 14. Qe4 d6 15. Bf4 Nd7 16. exd6 Nf6 17. Qxe7 Nb5 18. Nxb5 Qxb5 19. Rfd1 Rfe8 20. Qc7 Ne4 21. Ne5 Qxb2 22. Qxf7+ Kh8 23. Nd3 Qe2 24. Rab1 Rf8 25. Qb7 Rxa2 26. Qe7 Nxf2 27. Qxe2 Rxe2 28. Nxf2 Rxf4 29. Rb8+ Rf8 30. Rxf8+ Bxf8 31. d7 Be7 32. Nd3 c4 33. Nf4 Re5 34. Ne6 c3 35. d8=Q+ Bxd8 36. Nxd8 c2 37. Rc1 Rxd5 38. Nf7+ Kg7 39. Rxc2 Kxf7 40. g3 Kg7 41. Kg2 1/2-1/2

[Event "RUS-chTW Premier 2019"]
[Site "Sochi"]
[Date "2019.05.04"]
[Round "4.16"]
[White "Diakonova, Ekaterina"]
[Black "Zavivaeva, Emilia"]
[Result "0-1"]
[ECO "C02"]
[WhiteElo "2211"]
[BlackElo "1789"]
[Annotator "NA"]
[PlyCount "78"]
[EventDate "2019.04.30"]
[EventType "team-tourn"]
[EventCountry "RUS"]
[SourceTitle "playchess.com"]
[Source "ChessBase"]
[SourceQuality "1"]
[TimeControl "40/5400+30:1800+30"]

1. e4 e6 2. d4 d5 3. e5 c5 4. c3 Bd7 5. Nf3 Nc6 6. a3 Nge7 7. b4 cxd4 8. cxd4 a6 9. Nc3 Nf5 10. Be2 Be7 11. O-O O-O 12. g4 Nh4 13. Nxh4 Bxh4 14. f4 f6 15. exf6 Bxf6 16. Be3 b5 17. g5 Be7 18. Bd3 Be8 19. Qg4 Qd7 20. Rf3 Rc8 21. Ne2 e5 22. Bxh7+ Kxh7 23. g6+ Kg8 24. f5 Bxg6 25. Qxg6 exd4 26. Rg3 Bf6 27. Bg5 Ne5 28. Qh5 d3 29. Bxf6 Rxf6 30. Nd4 Qa7 31. Qh4 Rc4 32. Qxf6 Qxd4+ 33. Kg2 Rc2+ 34. Kh3 Rxh2+ 35. Kxh2 Ng4+ 36. Rxg4 Qxf6 37. Rf1 d2 38. Kg2 Qb2 39. Kh3 Qb3+ 0-1

[Event "RUS-chTW Premier 2019"]
[Site "Sochi"]
[Date "2019.05.05"]
[Round "5.1"]
[White "Kosteniuk, Alexandra"]
[Black "Bodnaruk, Anastasia"]
[Result "1-0"]
[ECO "B91"]
[WhiteElo "2546"]
[BlackElo "2431"]
[Annotator "ChessBase"]
[PlyCount "89"]
[EventDate "2019.05.01"]
[EventType "team-tourn"]
[EventCountry "RUS"]
[SourceTitle "playchess.com"]
[Source "ChessBase"]
[SourceQuality "1"]
[TimeControl "40/5400+30:1800+30"]

1. e4 c5 2. Nf3 d6 3. d4 cxd4 4. Nxd4 Nf6 5. Nc3 a6 6. g3 e5 7. Nde2 Be7 8. Bg2 b5 9. Nd5 Nxd5 10. Qxd5 Ra7 11. Be3 Be6 12. Qd2 Rb7 13. Nc3 b4 14. Nd5 Bxd5 15. Qxd5 Qc7 16. O-O O-O 17. Rfc1 Nd7 18. c3 Nc5 19. b3 a5 20. Bf1 g6 21. Bc4 Kg7 22. cxb4 Rxb4 23. a3 Rbb8 24. Qd2 Kh8 25. Bh6 Rfd8 26. Bxf7 Qd7 27. Be3 Nxe4 28. Qxa5 Bg5 29. Rc7 Qg4 30. Ba7 Rbc8 31. Bd5 Nd2 32. Rxc8 Rxc8 33. Qa6 Qd7 34. Rd1 Qc7 35. Be3 Bxe3 36. fxe3 Qc5 37. Rxd2 Qxe3+ 38. Rf2 Rf8 39. Qe2 Qd4 40. Qd2 Qc5 41. b4 Rxf2 42. Qxf2 Qxd5 43. Qf8+ Qg8 44. Qxg8+ Kxg8 45. b5 1-0

[Event "RUS-chTW Premier 2019"]
[Site "Sochi"]
[Date "2019.05.05"]
[Round "5.4"]
[White "Styazhkina, Anna"]
[Black "Bivol, Alina"]
[Result "1-0"]
[ECO "C07"]
[WhiteElo "2272"]
[BlackElo "2393"]
[Annotator "NA"]
[PlyCount "65"]
[EventDate "2019.05.01"]
[EventType "team-tourn"]
[EventCountry "RUS"]
[SourceTitle "playchess.com"]
[Source "ChessBase"]
[SourceQuality "1"]
[TimeControl "40/5400+30:1800+30"]

1. e4 e6 2. d4 d5 3. Nd2 c5 4. Ngf3 Nf6 5. exd5 exd5 6. Bb5+ Bd7 7. Bxd7+ Nbxd7 8. O-O Be7 9. dxc5 Nxc5 10. Nb3 Nce4 11. Nfd4 Qd7 12. h3 O-O 13. Qf3 Rfe8 14. Be3 b5 15. Rad1 a5 16. a3 Bd8 17. Nf5 g6 18. Nfd4 Bc7 19. Nc1 Qd6 20. g3 Qd7 21. Kg2 Rac8 22. Nd3 Kg7 23. c3 h6 24. Rfe1 Bd6 25. Nc2 Rc6 26. Bd4 Bb8 27. Nf4 Bxf4 28. Qxf4 Kh7 29. g4 g5 30. Qf3 Rd6 31. Qd3 h5 32. Bxf6 Rxf6 33. Rxe4 1-0

[Event "RUS-chTW Premier 2019"]
[Site "Sochi"]
[Date "2019.05.05"]
[Round "5.5"]
[White "Ushenina, Anna"]
[Black "Sudakova, Irina"]
[Result "1-0"]
[ECO "D45"]
[WhiteElo "2442"]
[BlackElo "2313"]
[Annotator "NA"]
[PlyCount "71"]
[EventDate "2019.05.01"]
[EventType "team-tourn"]
[EventCountry "RUS"]
[SourceTitle "playchess.com"]
[Source "ChessBase"]
[SourceQuality "1"]
[TimeControl "40/5400+30:1800+30"]

1. d4 d5 2. c4 e6 3. Nf3 c6 4. e3 Nf6 5. Nc3 Nbd7 6. Qc2 Bd6 7. Bd3 O-O 8. O-O dxc4 9. Bxc4 a6 10. Rd1 c5 11. dxc5 Bxc5 12. Bd3 h6 13. Bd2 Qe7 14. Rac1 b6 15. Ne4 Bb7 16. Nxc5 Nxc5 17. Be2 Be4 18. Qc3 Bd5 19. Qa3 Qb7 20. Bc3 Nce4 21. Be1 b5 22. Ne5 Rfd8 23. f3 Nd6 24. Ba5 b4 25. Qxb4 Qxb4 26. Bxb4 Nfe8 27. Ba5 Rdc8 28. b3 Bb7 29. Nd7 Nf5 30. Kf2 Nf6 31. Nc5 Rab8 32. Nxb7 Rxc1 33. Rxc1 Rxb7 34. Rc6 Nd5 35. e4 Nde7 36. Rb6 1-0

[Event "RUS-chTW Premier 2019"]
[Site "Sochi"]
[Date "2019.05.05"]
[Round "5.7"]
[White "Girya, Olga"]
[Black "Lysenko, Margarita"]
[Result "1-0"]
[ECO "E17"]
[WhiteElo "2449"]
[BlackElo "2211"]
[Annotator "NA"]
[PlyCount "75"]
[EventDate "2019.05.01"]
[EventType "team-tourn"]
[EventCountry "RUS"]
[SourceTitle "playchess.com"]
[Source "ChessBase"]
[SourceQuality "1"]
[TimeControl "40/5400+30:1800+30"]

1. d4 Nf6 2. c4 e6 3. Nf3 b6 4. g3 Bb7 5. Bg2 Be7 6. O-O O-O 7. Re1 c5 8. d5 exd5 9. Nh4 Ne4 10. cxd5 Bxh4 11. Bxe4 Bf6 12. Nc3 d6 13. Bf4 a6 14. Qc2 g6 15. Bg2 Be7 16. Rad1 Bc8 17. Bh6 Re8 18. Ne4 Nd7 19. Qc3 Nf6 20. f3 Bf5 21. Rf1 Nh5 22. g4 Bxe4 23. fxe4 Bf6 24. Qf3 Bg7 25. Bc1 Re5 26. Qxf7+ Kh8 27. gxh5 Rxh5 28. Rd3 Be5 29. h3 b5 30. Rdf3 Bd4+ 31. Kh1 Bg7 32. Qb7 b4 33. Rf7 Be5 34. Qxa8 Qxa8 35. Rf8+ Qxf8 36. Rxf8+ Kg7 37. Ra8 g5 38. Kg1 1-0

[Event "RUS-chTW Premier 2019"]
[Site "Sochi"]
[Date "2019.05.05"]
[Round "5.8"]
[White "Geller, Anastasiya"]
[Black "Guseva, Marina"]
[Result "0-1"]
[ECO "D15"]
[WhiteElo "2187"]
[BlackElo "2402"]
[Annotator "NA"]
[PlyCount "74"]
[EventDate "2019.05.01"]
[EventType "team-tourn"]
[EventCountry "RUS"]
[SourceTitle "playchess.com"]
[Source "ChessBase"]
[SourceQuality "1"]
[TimeControl "40/5400+30:1800+30"]

1. d4 d5 2. c4 c6 3. Nf3 Nf6 4. Nc3 a6 5. cxd5 cxd5 6. g3 Nc6 7. Bg2 e6 8. O-O b5 9. Ne5 Bb7 10. a3 Be7 11. Be3 O-O 12. f3 Rc8 13. Nxc6 Bxc6 14. Bf2 Nd7 15. Na2 a5 16. Nc1 Nb6 17. b3 a4 18. b4 Nc4 19. Nd3 f6 20. e4 e5 21. exd5 Bxd5 22. Re1 Bd6 23. dxe5 Bxe5 24. Nxe5 fxe5 25. Bc5 Rf7 26. Qe2 Bc6 27. Rad1 Qf6 28. Rd3 h6 29. Red1 Re8 30. Qa2 Qf5 31. Rd8 Rxd8 32. Rxd8+ Kh7 33. g4 Qg6 34. h4 Bxf3 35. Bxf3 Rxf3 36. Qg2 Rf4 37. Kh2 Rxg4 0-1

[Event "RUS-chTW Premier 2019"]
[Site "Sochi"]
[Date "2019.05.05"]
[Round "5.9"]
[White "Schepetkova, Margarita"]
[Black "Nasybullina, Alfia"]
[Result "1-0"]
[ECO "E04"]
[WhiteElo "2224"]
[BlackElo "2065"]
[Annotator "NA"]
[PlyCount "119"]
[EventDate "2019.05.01"]
[EventType "team-tourn"]
[EventCountry "RUS"]
[SourceTitle "playchess.com"]
[Source "ChessBase"]
[SourceQuality "1"]
[TimeControl "40/5400+30:1800+30"]

1. d4 Nf6 2. c4 e6 3. g3 d5 4. Bg2 dxc4 5. Nf3 Bd7 6. Ne5 Bc6 7. Nxc6 Nxc6 8. O-O Qd7 9. e3 Rd8 10. Qa4 e5 11. Qxc4 exd4 12. Qb5 Rb8 13. Rd1 a6 14. Qf1 Be7 15. exd4 Nxd4 16. Be3 c5 17. Nc3 O-O 18. Bxd4 cxd4 19. Nd5 Nxd5 20. Rxd4 Rfd8 21. Rxd5 Qc7 22. Rc1 Qb6 23. Qe2 Bf6 24. b3 h6 25. Qg4 Bd4 26. Qf4 g5 27. Qf5 Qf6 28. Rc7 b6 29. Qxf6 Bxf6 30. Rf5 Rd6 31. Bd5 Rf8 32. Kg2 a5 33. g4 Kg7 34. a4 Kg6 35. Rb7 Kg7 36. h3 Kg6 37. f4 gxf4 38. h4 Bxh4 39. Bxf7+ Rxf7 40. Rfxf7 Bf6 41. Rfd7 Rc6 42. Rd3 Bb2 43. Kf3 Rf6 44. Rbd7 Ba3 45. R3d5 Bc5 46. Re5 Rc6 47. Rd3 Be3 48. Red5 Rf6 49. Rd6 Kg7 50. Rxf6 Kxf6 51. Rd6+ Kg7 52. Ke4 Kh7 53. Kf5 Kg7 54. Rd7+ Kf8 55. Kg6 Bc1 56. Kxh6 Ke8 57. Rd1 Be3 58. Kg6 Kf8 59. Kf5 Kf7 60. Rf1 1-0

[Event "RUS-chTW Premier 2019"]
[Site "Sochi"]
[Date "2019.05.05"]
[Round "5.10"]
[White "Mukhina, Jana"]
[Black "Trapeznikova, Darya"]
[Result "1/2-1/2"]
[ECO "C44"]
[WhiteElo "2098"]
[BlackElo "2090"]
[Annotator "NA"]
[PlyCount "155"]
[EventDate "2019.05.01"]
[EventType "team-tourn"]
[EventCountry "RUS"]
[SourceTitle "playchess.com"]
[Source "ChessBase"]
[SourceQuality "1"]
[TimeControl "40/5400+30:1800+30"]

1. e4 e5 2. Nf3 Nc6 3. d4 exd4 4. Nxd4 Bb4+ 5. c3 Bc5 6. Be3 Bb6 7. Qg4 Qf6 8. Qg3 Nxd4 9. Bxd4 Bxd4 10. cxd4 Ne7 11. Nc3 a6 12. Qxc7 Qxd4 13. Rd1 Qa7 14. Qe5 f6 15. Qh5+ Ng6 16. Bc4 b5 17. Bb3 Bb7 18. O-O O-O-O 19. a4 b4 20. Nd5 Ne5 21. a5 Bxd5 22. Bxd5 Kb8 23. Qe2 Rc8 24. Kh1 Rc5 25. Qd2 Rb5 26. Rc1 Rc8 27. Rxc8+ Kxc8 28. Rc1+ Rc5 29. Rd1 Ng4 30. h3 Rxd5 31. Rc1+ Rc5 32. hxg4 Rxc1+ 33. Qxc1+ Qc7 34. Qa1 Qc5 35. f3 Kc7 36. b3 Qc3 37. Qg1 Qc6 38. Qa7+ Kc8 39. g3 Qb5 40. Qa8+ Kc7 41. Qa7+ Kd6 42. Qa8 Qxa5 43. Qf8+ Kc7 44. Qf7 Qb5 45. Kg2 a5 46. e5 Qxe5 47. Qc4+ Kb6 48. Qg8 Qb2+ 49. Kh3 Qc3 50. Qb8+ Kc6 51. Qc8+ Kd6 52. Qf8+ Kc7 53. Qa8 Qxb3 54. Qxa5+ Kd6 55. Qb6+ Ke7 56. Qc5+ Ke6 57. f4 Qd5 58. f5+ Ke5 59. Qe7+ Kd4 60. Qxb4+ Kd3 61. Qb1+ Kc4 62. Qa2+ Kc5 63. Qa5+ Kd6 64. Qb4+ Kc7 65. Qf4+ Kd8 66. Kh2 Qe5 67. Qb4 Ke8 68. Qc4 d5 69. Qc8+ Ke7 70. Qb7+ Kd6 71. Qb6+ Kd7 72. Qb7+ Kd8 73. Qa8+ Kc7 74. Qa5+ Kc6 75. Qa6+ Kc5 76. Qa5+ Kc4 77. Qa4+ Kc5 78. Qa5+ 1/2-1/2

[Event "RUS-chTW Premier 2019"]
[Site "Sochi"]
[Date "2019.05.05"]
[Round "5.11"]
[White "Chan, Naruna"]
[Black "Mironenko, Galina"]
[Result "1/2-1/2"]
[ECO "C18"]
[WhiteElo "1985"]
[BlackElo "1901"]
[Annotator "NA"]
[PlyCount "123"]
[EventDate "2019.05.01"]
[EventType "team-tourn"]
[EventCountry "RUS"]
[SourceTitle "playchess.com"]
[Source "ChessBase"]
[SourceQuality "1"]
[TimeControl "40/5400+30:1800+30"]

1. e4 e6 2. d4 d5 3. Nc3 Bb4 4. e5 Ne7 5. a3 Bxc3+ 6. bxc3 c5 7. Qg4 Qc7 8. Qxg7 Rg8 9. Qxh7 cxd4 10. Ne2 dxc3 11. f4 Na6 12. Qd3 Bd7 13. Qxc3 Rc8 14. Qxc7 Rxc7 15. Nd4 Nf5 16. Nxf5 exf5 17. Bd3 Rxg2 18. Be3 Nc5 19. Bxc5 Rxc5 20. O-O-O Rc6 21. Rd2 Rg4 22. Rf1 Rh4 23. Rff2 Ke7 24. Rd1 Rch6 25. Rdd2 Rc6 26. Bf1 Rc5 27. Rd3 Bc6 28. Rh3 Rxh3 29. Bxh3 Rc3 30. Bxf5 Rxa3 31. h4 Ra1+ 32. Kb2 Rh1 33. c3 Rxh4 34. Bc2 Ke6 35. Bb3 f6 36. exf6 Kxf6 37. Bc2 Bd7 38. Bb3 Be6 39. Rd2 Rh5 40. Rd4 Ke7 41. Ka3 Kd6 42. Kb4 Kc6 43. Ba4+ Kb6 44. Bd1 a5+ 45. Kb3 Rh3 46. Kb2 Kc5 47. Rd2 Rh6 48. Bc2 Rf6 49. f5 Bd7 50. Rg2 b5 51. Rg6 Rxg6 52. fxg6 Be6 53. Bd3 Bg8 54. Bf5 Kd6 55. Ka3 Kc5 56. Bd7 b4+ 57. Kb2 Kd6 58. Ba4 Ke5 59. cxb4 axb4 60. Kb3 Kf6 61. Kxb4 Kxg6 62. Kc5 1/2-1/2

[Event "RUS-chTW Premier 2019"]
[Site "Sochi"]
[Date "2019.05.05"]
[Round "5.12"]
[White "Filippova, Darya"]
[Black "Azimova, Karina"]
[Result "1-0"]
[ECO "A21"]
[WhiteElo "2070"]
[BlackElo "2072"]
[Annotator "NA"]
[PlyCount "47"]
[EventDate "2019.05.01"]
[EventType "team-tourn"]
[EventCountry "RUS"]
[SourceTitle "playchess.com"]
[Source "ChessBase"]
[SourceQuality "1"]
[TimeControl "40/5400+30:1800+30"]

1. c4 e5 2. Nc3 d6 3. g3 f5 4. d4 Be7 5. Nd5 Nf6 6. Nxe7 Qxe7 7. Bg2 O-O 8. e3 f4 9. gxf4 exf4 10. h3 Nc6 11. Ne2 Nh5 12. Bf3 fxe3 13. Bd5+ Kh8 14. Bxe3 Bf5 15. Qd2 Be4 16. Bxe4 Qxe4 17. O-O-O a5 18. Rhg1 Qf3 19. Nc3 a4 20. Rg4 Nb4 21. Rdg1 Rf7 22. Ne4 Nf4 23. Ng5 Ne2+ 24. Kd1 1-0

[Event "RUS-chTW Premier 2019"]
[Site "Sochi"]
[Date "2019.05.05"]
[Round "5.13"]
[White "Badelka, Olga"]
[Black "Ambartsumova, Karina"]
[Result "1-0"]
[ECO "D35"]
[WhiteElo "2383"]
[BlackElo "2364"]
[Annotator "NA"]
[PlyCount "145"]
[EventDate "2019.05.01"]
[EventType "team-tourn"]
[EventCountry "RUS"]
[SourceTitle "playchess.com"]
[Source "ChessBase"]
[SourceQuality "1"]
[TimeControl "40/5400+30:1800+30"]

1. d4 Nf6 2. c4 e6 3. Nc3 d5 4. cxd5 exd5 5. Bg5 c6 6. e3 Be7 7. Qc2 Nbd7 8. Bd3 h6 9. Bh4 Nh5 10. Bxe7 Qxe7 11. Nf3 Nf4 12. O-O Nxd3 13. Qxd3 O-O 14. Rac1 Nf6 15. Ne5 Re8 16. a3 Nd7 17. Nf3 Nf6 18. b4 a5 19. Qb1 Be6 20. Qb2 axb4 21. axb4 Rec8 22. Ra1 Nd7 23. b5 c5 24. Rxa8 Rxa8 25. dxc5 Qxc5 26. Nd4 Nb6 27. Ra1 Rxa1+ 28. Qxa1 Bd7 29. h3 Bc8 30. Qa7 Qc7 31. Qa3 Be6 32. Nce2 Nc4 33. Qa8+ Qc8 34. Qa7 Kh7 35. Nf4 Qd7 36. Qb8 Nd6 37. Qf8 g6 38. Ndxe6 fxe6 39. Qf6 Qf7 40. Qxf7+ Nxf7 41. Nxe6 Nd6 42. Nc7 Kg7 43. Kf1 Kf6 44. Nxd5+ Ke5 45. Nc3 g5 46. g4 Nc4 47. Ke2 Nb2 48. Kd2 Nc4+ 49. Kc2 Nd6 50. Kd3 Nc8 51. Kc4 b6 52. f3 Nd6+ 53. Kd3 Ne8 54. Na4 Nd6 55. Nxb6 Nxb5 56. Nc4+ Kd5 57. f4 gxf4 58. exf4 Ke6 59. Ke3 Kf6 60. Nd2 Nc7 61. h4 Nd5+ 62. Kf3 Kg6 63. Ne4 Kf7 64. f5 Kg7 65. g5 hxg5 66. hxg5 Nb4 67. Kg4 Nd3 68. Nd6 Ne5+ 69. Kh5 Nd7 70. Ne4 Kh7 71. g6+ Kh8 72. Kh6 Nf6 73. g7+ 1-0

[Event "RUS-chTW Premier 2019"]
[Site "Sochi"]
[Date "2019.05.05"]
[Round "5.14"]
[White "Markelova, Lubov"]
[Black "Dordzhieva, Dinara"]
[Result "0-1"]
[ECO "A37"]
[WhiteElo "2199"]
[BlackElo "2280"]
[Annotator "NA"]
[PlyCount "116"]
[EventDate "2019.05.01"]
[EventType "team-tourn"]
[EventCountry "RUS"]
[SourceTitle "playchess.com"]
[Source "ChessBase"]
[SourceQuality "1"]
[TimeControl "40/5400+30:1800+30"]

1. Nf3 c5 2. c4 g6 3. Nc3 Bg7 4. g3 Nc6 5. Bg2 d6 6. O-O e5 7. a3 a5 8. Ne1 Be6 9. d3 Nge7 10. Nc2 d5 11. cxd5 Nxd5 12. Ne3 Nde7 13. Ne4 b6 14. Ng5 Bd7 15. Qb3 O-O 16. Nc4 h6 17. Ne4 Rb8 18. Qd1 Be6 19. a4 f5 20. Nc3 Kh7 21. Bd2 Nd4 22. Nb5 Ndc6 23. Rc1 Nd5 24. Ne3 Ndb4 25. Bc3 Qd7 26. Nc4 Rfd8 27. b3 Qe7 28. Qd2 e4 29. Bxg7 Qxg7 30. Qe3 Nd5 31. Qd2 exd3 32. Qxd3 Nc7 33. Nxc7 Qxc7 34. Qc3 Nb4 35. Rcd1 Qg7 36. Qe3 Re8 37. Qf4 Nc2 38. e3 Nb4 39. Nd6 Red8 40. Nc4 g5 41. Qf3 Qf7 42. e4 f4 43. Nd6 Qf8 44. e5 Kg7 45. h4 fxg3 46. Qxg3 Qf4 47. Qc3 gxh4 48. Rfe1 Rf8 49. Ne4 Rbd8 50. Nf6 Kh8 51. Rxd8 Rxd8 52. Nh5 Qg5 53. Qf3 Nd5 54. Kf1 Bg4 55. Qe4 Bxh5 56. e6 Ne7 57. f4 Qf6 58. Bh3 Rd4 0-1

[Event "RUS-chTW Premier 2019"]
[Site "Sochi"]
[Date "2019.05.05"]
[Round "5.15"]
[White "Maltsevskaya, Aleksandra"]
[Black "Shafigullina, Zarina"]
[Result "1/2-1/2"]
[ECO "B34"]
[WhiteElo "2299"]
[BlackElo "2299"]
[Annotator "NA"]
[PlyCount "128"]
[EventDate "2019.05.01"]
[EventType "team-tourn"]
[EventCountry "RUS"]
[SourceTitle "playchess.com"]
[Source "ChessBase"]
[SourceQuality "1"]
[TimeControl "40/5400+30:1800+30"]

1. e4 c5 2. Nf3 Nc6 3. d4 cxd4 4. Nxd4 Nf6 5. Nc3 e5 6. Ndb5 d6 7. Nd5 Nxd5 8. exd5 Nb8 9. a4 Bf5 10. Be2 Be7 11. O-O O-O 12. Be3 a6 13. Na3 Nd7 14. Nc4 b5 15. Na3 b4 16. Nc4 a5 17. Kh1 Qc8 18. Rc1 Qb7 19. f4 Be4 20. Bf3 Bxf3 21. Qxf3 f5 22. Rcd1 e4 23. Qh3 b3 24. c3 Qc8 25. Nd2 Rb8 26. g4 Nf6 27. gxf5 Nxd5 28. Nxe4 Qb7 29. Kg1 Nxe3 30. Qxe3 Rxf5 31. Qd3 Qb6+ 32. Qd4 Qxd4+ 33. Rxd4 Rbf8 34. Ng3 Rc5 35. Re1 Kf7 36. Kg2 Rd8 37. Red1 Ke6 38. Ne4 Rf5 39. Nd2 Bf6 40. Nxb3 d5 41. c4 Rb8 42. cxd5+ Kd6 43. R4d3 Rxf4 44. Re1 Be5 45. Rc1 Rb6 46. Rc8 Kd7 47. Ra8 Rfb4 48. Nxa5 Rxb2+ 49. Kf3 Rf6+ 50. Ke4 Bxh2 51. Ra7+ Bc7 52. Rc3 Re2+ 53. Kd4 Rf4+ 54. Kc5 Rxa4 55. Rxc7+ Kxc7 56. Kb5+ Kd6 57. Kxa4 Kxd5 58. Kb4 Rb2+ 59. Nb3 h6 60. Rg3 g5 61. Rh3 Ke4 62. Rxh6 g4 63. Kc3 Ra2 64. Nd2+ Ke5 1/2-1/2

[Event "RUS-chTW Premier 2019"]
[Site "Sochi"]
[Date "2019.05.05"]
[Round "5.16"]
[White "Bulatova, Kamaliya"]
[Black "Diakonova, Ekaterina"]
[Result "1/2-1/2"]
[ECO "D35"]
[WhiteElo "2103"]
[BlackElo "2211"]
[Annotator "NA"]
[PlyCount "94"]
[EventDate "2019.05.01"]
[EventType "team-tourn"]
[EventCountry "RUS"]
[SourceTitle "playchess.com"]
[Source "ChessBase"]
[SourceQuality "1"]
[TimeControl "40/5400+30:1800+30"]

1. d4 Nf6 2. c4 e6 3. Nc3 d5 4. cxd5 exd5 $11 5. Bg5 c6 6. e3 Bf5 7. Qf3 Bg6 8. Bxf6 Qxf6 9. Qxf6 gxf6 10. Nh3 Nd7 11. Nf4 Bd6 12. Nd3 a5 13. Be2 a4 14. O-O b5 15. a3 Nb6 16. Na2 Nc4 17. Ndb4 Kd7 18. Rac1 Rac8 19. Bxc4 bxc4 20. Nc3 Ra8 21. Nca2 Rhg8 22. f3 Rab8 23. Rf2 h5 24. e4 dxe4 25. fxe4 Bxe4 26. Rxc4 Rbe8 27. Nc3 Bd5 28. Ncxd5 cxd5 29. Rc1 Bxb4 30. axb4 Rb8 31. Rc5 Rxb4 32. Rxd5+ Ke6 33. Rdf5 Rg6 34. d5+ Ke7 35. Rxh5 Rd4 36. h3 Rg5 37. Rh6 Rg6 38. Re2+ Kf8 39. Rh8+ Kg7 40. Ra8 f5 41. Ra7 Rb6 42. Ree7 Rxb2 43. Rxf7+ Kg6 44. Rfd7 Kf6 45. Rf7+ Kg6 46. Rfc7 Kf6 47. Rf7+ Kg6 1/2-1/2

[Event "RUS-chTW Premier 2019"]
[Site "Sochi"]
[Date "2019.05.07"]
[Round "6.1"]
[White "Ovod, Evgenija"]
[Black "Nasybullina, Alfia"]
[Result "1/2-1/2"]
[ECO "B12"]
[WhiteElo "2362"]
[BlackElo "2065"]
[Annotator "NA"]
[PlyCount "128"]
[EventDate "2019.05.01"]
[EventType "team-tourn"]
[EventCountry "RUS"]
[SourceTitle "playchess.com"]
[Source "ChessBase"]
[SourceQuality "1"]
[TimeControl "40/5400+30:1800+30"]

1. e4 c6 2. d4 d5 3. e5 c5 4. dxc5 Nc6 5. f4 e6 6. Be3 Nge7 7. Nd2 g5 8. fxg5 Nf5 9. Bf2 Nxe5 10. g4 Ne7 11. Qe2 N7c6 12. h4 Qa5 13. Ngf3 Nxf3+ 14. Qxf3 Bd7 15. c3 Bxc5 16. Nb3 Bxf2+ 17. Qxf2 Qc7 18. O-O-O O-O-O 19. Bg2 Kb8 20. Kb1 Ne5 21. Rd4 Bb5 22. Nc1 Rhf8 23. Re1 Nc6 24. Rf4 e5 25. Rf5 Ba6 26. Rd1 b6 27. Rxd5 Bc8 28. Rxd8 Nxd8 29. Rf6 Bxg4 30. Be4 Be6 31. Bxh7 Rh8 32. g6 fxg6 33. Bxg6 Qe7 34. Nd3 Bc8 35. Be4 Bb7 36. Bxb7 Qxb7 37. Qg3 Qe4 38. Qxe5+ Qxe5 39. Nxe5 Rxh4 40. Rd6 Kc8 41. Kc2 Re4 42. Nd3 Nb7 43. Rc6+ Kd7 44. Rh6 Re7 45. c4 Nd6 46. Kc3 Kc7 47. b4 Rd7 48. Re6 Nb7 49. Ne5 Rh7 50. Rc6+ Kb8 51. Rf6 Nd8 52. c5 bxc5 53. bxc5 Rh1 54. Rg6 Rc1+ 55. Kd4 Rd1+ 56. Nd3 Rd2 57. a3 Ra2 58. Rg8 Kc7 59. Rg7+ Kc8 60. Kc4 Rxa3 61. Nb4 Ra1 62. Kb5 Rb1 63. Rxa7 Rxb4+ 64. Kxb4 Nc6+ 1/2-1/2